TOP OF THE 1ST |
---|
Nevada Noise batting - Pitching for Philadelphia Athletics : RHP Ramón Estrada | Pitching: RHP Ramón Estrada | | Batting: RHB Pedro Rosado | 0-0: Ball 1-0: Ball 2-0: Ball 3-0: Called Strike 3-1: Fly out, F8 (Flyball, 8RM) | Batting: SHB Víctor Serrano | 0-0: Swinging Strike 0-1: SOLO HOME RUN (Flyball, 9LD), Distance : 374 ft | Batting: LHB Santiago Márquez | 0-0: Foul Ball, location: 2F 0-1: Called Strike 0-2: Foul Ball, location: 2F 0-2: Ball 1-2: Ball 2-2: Ball 3-2: Ground out 4-3 (Groundball, 4) | Batting: RHB Luis Cruz | 0-0: Ball 1-0: Foul Ball, location: 2F 1-1: Called Strike 1-2: Ball 2-2: Fly out, F8 (Flyball, 8LS) | Top of the 1st over - 1 run, 1 hit, 0 errors, 0 left on base; Nevada 1 - Philadelphia 0 | BOTTOM OF THE 1ST |
---|
Philadelphia Athletics batting - Pitching for Nevada Noise : RHP Dan Wilson | Pitching: RHP Dan Wilson | | Batting: RHB Edward Holloway | 0-0: Ball 1-0: Ball 2-0: Ground out U3 (Groundball, 34) | Batting: LHB Robinson Fernández | 0-0: Called Strike 0-1: Foul Ball, location: 2F 0-2: Ball 1-2: DOUBLE (Line Drive, 9LM) | Batting: SHB Martín De Jesús | 0-0: Ball 1-0: Called Strike 1-1: DOUBLE (Flyball, 78XD) Robinson Fernández scores | Batting: RHB Valentín Borges | 0-0: Ball 1-0: Ball 2-0: Reached on error, E8 (Flyball, 8RS) Martín De Jesús to third | Batting: LHB Arturo Molina | 0-0: Called Strike 0-1: Ball 1-1: Ball 2-1: Ball 3-1: Foul Ball, location: 2F 3-2: Grounds into double play, 6-4-3 (Groundball, 6) | Bottom of the 1st over - 1 run, 2 hits, 1 error, 1 left on base; Nevada 1 - Philadelphia 1 | TOP OF THE 2ND |
---|
Nevada Noise batting - Pitching for Philadelphia Athletics : RHP Ramón Estrada | Batting: LHB Pablo Reyes | 0-0: Ball 1-0: Ball 2-0: Ball 3-0: SINGLE (Groundball, 56S) (infield hit) | Batting: RHB Rich Ruffin | 0-0: Called Strike 0-1: Foul Ball, location: 2F 0-2: Foul Ball, location: 2F 0-2: Foul Ball, location: 2F 0-2: Fly out, F3 (Popup, 3SF) | Batting: LHB Milton Watson | 0-0: Called Strike 0-1: Ball 1-1: Grounds into double play, 6-4-3 (Groundball, 6) | Top of the 2nd over - 0 runs, 1 hit, 0 errors, 0 left on base; Nevada 1 - Philadelphia 1 | BOTTOM OF THE 2ND |
---|
Philadelphia Athletics batting - Pitching for Nevada Noise : RHP Dan Wilson | Batting: RHB Anastasio Villa | 0-0: SOLO HOME RUN (Flyball, 7LD), Distance : 394 ft | Batting: LHB Brian Boone | 0-0: Fly out, F6 (Popup, 6) | Batting: RHB Eric Neal | 0-0: Ball 1-0: Ball 2-0: DOUBLE (Line Drive, 8LXD) | Batting: SHB Héctor Padilla | 0-0: Called Strike 0-1: Fly out, F1 (Line Drive, 13) | Batting: RHB Edward Holloway | 0-0: Ball 1-0: Ground out U3 (Groundball, 3) | Bottom of the 2nd over - 1 run, 2 hits, 0 errors, 1 left on base; Nevada 1 - Philadelphia 2 | TOP OF THE 3RD |
---|
Nevada Noise batting - Pitching for Philadelphia Athletics : RHP Ramón Estrada | Batting: RHB Fernando Gálvez | 0-0: Called Strike 0-1: Called Strike 0-2: Foul Ball, location: 2F 0-2: Foul Ball, location: 2F 0-2: Ground out 6-3 (Groundball, 6) | Batting: RHB Jorge Márquez | 0-0: Ball 1-0: Ground out 6-3 (Groundball, 56) | Batting: RHB Pedro Rosado | 0-0: Ball 1-0: Called Strike 1-1: Swinging Strike 1-2: Foul Ball, location: 2F 1-2: Ball 2-2: Ball 3-2: Strikes out swinging | Top of the 3rd over - 0 runs, 0 hits, 0 errors, 0 left on base; Nevada 1 - Philadelphia 2 | BOTTOM OF THE 3RD |
---|
Philadelphia Athletics batting - Pitching for Nevada Noise : RHP Dan Wilson | Batting: LHB Robinson Fernández | 0-0: Called Strike 0-1: Ball 1-1: Foul Ball, location: 2F 1-2: Strikes out looking | Batting: SHB Martín De Jesús | 0-0: Called Strike 0-1: Foul Ball, location: 2F 0-2: Ball 1-2: Strikes out swinging | Batting: RHB Valentín Borges | 0-0: Ball 1-0: Ball 2-0: Ground out 4-3 (Groundball, 4) | Bottom of the 3rd over - 0 runs, 0 hits, 0 errors, 0 left on base; Nevada 1 - Philadelphia 2 | TOP OF THE 4TH |
---|
Nevada Noise batting - Pitching for Philadelphia Athletics : RHP Ramón Estrada | Batting: SHB Víctor Serrano | 0-0: Called Strike 0-1: Ball 1-1: Ball 2-1: Swinging Strike 2-2: Fly out, F8 (Flyball, 8LS) | Batting: LHB Santiago Márquez | 0-0: Ball 1-0: Called Strike 1-1: Ball 2-1: Ground out 5-3 (Groundball, 5L) | Batting: RHB Luis Cruz | 0-0: Ball 1-0: Ball 2-0: Ball 3-0: Called Strike 3-1: Called Strike 3-2: Base on Balls | Batting: LHB Pablo Reyes | 0-0: Called Strike 0-1: Ball 1-1: Fly out, F6 (Popup, 6MS) | Top of the 4th over - 0 runs, 0 hits, 0 errors, 1 left on base; Nevada 1 - Philadelphia 2 | BOTTOM OF THE 4TH |
---|
Philadelphia Athletics batting - Pitching for Nevada Noise : RHP Dan Wilson | Batting: LHB Arturo Molina | 0-0: Swinging Strike 0-1: Fly out, F7 (Flyball, 78D) | Batting: RHB Anastasio Villa | 0-0: Fly out, F8 (Flyball, 8LM) | Batting: LHB Brian Boone | 0-0: Swinging Strike 0-1: Ball 1-1: Called Strike 1-2: Foul Ball, location: 2F 1-2: Ball 2-2: Ball 3-2: Foul Ball, location: 2F 3-2: Foul Ball, location: 2F 3-2: Strikes out swinging, 2-3 out at first. | Bottom of the 4th over - 0 runs, 0 hits, 0 errors, 0 left on base; Nevada 1 - Philadelphia 2 | TOP OF THE 5TH |
---|
Nevada Noise batting - Pitching for Philadelphia Athletics : RHP Ramón Estrada | Batting: RHB Rich Ruffin | 0-0: Called Strike 0-1: Ball 1-1: Fly out, F7 (Flyball, 7S) | Batting: LHB Milton Watson | 0-0: Ball 1-0: Called Strike 1-1: Foul Ball, location: 2F 1-2: Strikes out swinging | Batting: RHB Fernando Gálvez | 0-0: Fly out, F4 (Popup, 4D) | Top of the 5th over - 0 runs, 0 hits, 0 errors, 0 left on base; Nevada 1 - Philadelphia 2 | BOTTOM OF THE 5TH |
---|
Philadelphia Athletics batting - Pitching for Nevada Noise : RHP Dan Wilson | Batting: RHB Eric Neal | 0-0: Called Strike 0-1: Ball 1-1: Ball 2-1: Swinging Strike 2-2: Strikes out swinging | Batting: SHB Héctor Padilla | 0-0: Called Strike 0-1: Swinging Strike 0-2: Ball 1-2: Ball 2-2: Foul Ball, location: 2F 2-2: Foul Ball, location: 2F 2-2: Foul Ball, location: 2F 2-2: Ground out 1-3 (Groundball, P) | Batting: RHB Edward Holloway | 0-0: Foul Ball, location: 2F 0-1: Foul Ball, location: 2F 0-2: Foul Ball, location: 2F 0-2: Ball 1-2: Strikes out looking | Bottom of the 5th over - 0 runs, 0 hits, 0 errors, 0 left on base; Nevada 1 - Philadelphia 2 | TOP OF THE 6TH |
---|
Nevada Noise batting - Pitching for Philadelphia Athletics : RHP Ramón Estrada | Batting: RHB Jorge Márquez | 0-0: Ball 1-0: SINGLE (Groundball, 4MD) | Batting: RHB Pedro Rosado | 0-0: Foul Ball, location: 2F 0-1: Ball 1-1: Ball 2-1: Fly out, F9 (Line Drive, 9D) | Batting: SHB Víctor Serrano | 0-0: Swinging Strike 0-1: Ball 1-1: Ground out 4-3 (Groundball, 4MS) Jorge Márquez to second | Batting: LHB Santiago Márquez | 0-0: Ball 1-0: Fly out, F5 (Popup, 25F) | Top of the 6th over - 0 runs, 1 hit, 0 errors, 1 left on base; Nevada 1 - Philadelphia 2 | BOTTOM OF THE 6TH |
---|
Philadelphia Athletics batting - Pitching for Nevada Noise : RHP Dan Wilson | Batting: LHB Robinson Fernández | 0-0: Swinging Strike 0-1: Ball 1-1: Ball 2-1: Ball 3-1: Foul Ball, location: 2F 3-2: Foul Ball, location: 2F 3-2: Strikes out swinging | Batting: SHB Martín De Jesús | 0-0: Called Strike 0-1: Swinging Strike 0-2: Foul Ball, location: 2F 0-2: Foul Ball, location: 2F 0-2: Foul Ball, location: 2F 0-2: Foul Ball, location: 2F 0-2: Foul Ball, location: 2F 0-2: Ball 1-2: Foul Ball, location: 2F 1-2: Strikes out swinging | Batting: RHB Valentín Borges | 0-0: Called Strike 0-1: Fly out, F6 (Popup, 6) | Bottom of the 6th over - 0 runs, 0 hits, 0 errors, 0 left on base; Nevada 1 - Philadelphia 2 | TOP OF THE 7TH |
---|
Nevada Noise batting - Pitching for Philadelphia Athletics : RHP Ramón Estrada | Batting: RHB Luis Cruz | 0-0: Ball 1-0: Foul Ball, location: 2F 1-1: Ball 2-1: Ball 3-1: Foul Ball, location: 2F 3-2: Fly out, F7 (Flyball, 78D) | Batting: LHB Pablo Reyes | 0-0: Ball 1-0: Ball 2-0: Fly out, F7 (Flyball, 7LM) | Batting: RHB Rich Ruffin | 0-0: Foul Ball, location: 2F 0-1: Ball 1-1: Ball 2-1: Swinging Strike 2-2: Strikes out swinging | Top of the 7th over - 0 runs, 0 hits, 0 errors, 0 left on base; Nevada 1 - Philadelphia 2 | BOTTOM OF THE 7TH |
---|
Philadelphia Athletics batting - Pitching for Nevada Noise : RHP Dan Wilson | Pitching: RHP Elton Johnston | | Batting: LHB Arturo Molina | 0-0: Ball 1-0: SINGLE (Groundball, 4D) | Batting: RHB Anastasio Villa | 0-0: Fly out, F7 (Line Drive, 7S) | Batting: LHB Brian Boone | 0-0: Foul Ball, location: 2F 0-1: Ball 1-1: Ground out U3 (Groundball, 3) Arturo Molina to second | Batting: RHB Eric Neal | 0-0: Ball 1-0: Called Strike 1-1: Called Strike 1-2: Ball 2-2: Foul Ball, location: 2F 2-2: Strikes out swinging | Bottom of the 7th over - 0 runs, 1 hit, 0 errors, 1 left on base; Nevada 1 - Philadelphia 2 | TOP OF THE 8TH |
---|
Nevada Noise batting - Pitching for Philadelphia Athletics : RHP Ramón Estrada | Batting: LHB Milton Watson | 0-0: Foul Ball, location: 2F 0-1: DOUBLE (Groundball, 5L) | Batting: RHB Fernando Gálvez | 0-0: Ball 1-0: Ground out 4-3 (Groundball, 4) Milton Watson to third | Pinch Hitting: LHB Bob Smith | 0-0: Ball 1-0: Ball 2-0: Called Strike 2-1: Foul Ball, location: 2F 2-2: SINGLE (Groundball, 4MD) Milton Watson scores | Pinch Runner at 1st Max Jones: | | Batting: RHB Pedro Rosado | 0-0: Fly out, F4 (Popup, 4) | Batting: SHB Víctor Serrano | 0-0: Ground out 6-3 (Groundball, 6MS) | Top of the 8th over - 1 run, 2 hits, 0 errors, 1 left on base; Nevada 2 - Philadelphia 2 | BOTTOM OF THE 8TH |
---|
Philadelphia Athletics batting - Pitching for Nevada Noise : RHP Elton Johnston | Now at SS: Bill Mark | | Batting: SHB Héctor Padilla | 0-0: Ball 1-0: Ball 2-0: Foul Ball, location: 2F 2-1: Foul Ball, location: 2F 2-2: Ball 3-2: Base on Balls | Batting: RHB Edward Holloway | 0-0: Ball Héctor Padilla is caught stealing 2nd base 1-0: Swinging Strike 1-1: Foul Ball, location: 2F 1-2: Strikes out swinging, 2-3 out at first. | Batting: LHB Robinson Fernández | 0-0: Swinging Strike 0-1: SINGLE (Groundball, 56D) | Batting: SHB Martín De Jesús | 0-0: Ball 1-0: SINGLE (Line Drive, 8LS) Robinson Fernández to second Runner from 2nd tries for 3rd, SAFE, no throw | Batting: RHB Valentín Borges | 0-0: Called Strike 0-1: Ball 1-1: Swinging Strike 1-2: Strikes out swinging | Bottom of the 8th over - 0 runs, 2 hits, 0 errors, 2 left on base; Nevada 2 - Philadelphia 2 | TOP OF THE 9TH |
---|
Nevada Noise batting - Pitching for Philadelphia Athletics : RHP Ramón Estrada | Pitching: RHP Esteban Juárez | | Batting: LHB Santiago Márquez | 0-0: Called Strike 0-1: Ball 1-1: Ball 2-1: Foul Ball, location: 2F 2-2: Foul Ball, location: 2F 2-2: Ball 3-2: Ground out 4-3 (Groundball, 4) | Batting: RHB Luis Cruz | 0-0: Ball 1-0: Ball 2-0: Ground out 6-3 (Groundball, 6) | Batting: LHB Pablo Reyes | 0-0: Foul Ball, location: 2F 0-1: Ground out 5-3 (Groundball, 5) | Top of the 9th over - 0 runs, 0 hits, 0 errors, 0 left on base; Nevada 2 - Philadelphia 2 | BOTTOM OF THE 9TH |
---|
Philadelphia Athletics batting - Pitching for Nevada Noise : RHP Elton Johnston | Pitching: LHP Mark Murchison | | Batting: LHB Arturo Molina | 0-0: Foul Ball, location: 2F 0-1: Ball 1-1: Swinging Strike 1-2: Ball 2-2: Ball 3-2: Fly out, F5 (Popup, 6S) | Batting: RHB Anastasio Villa | 0-0: Ball 1-0: Ball 2-0: Ground out 5-3 (Groundball, 56) | Batting: LHB Brian Boone | 0-0: Foul Ball, location: 2F 0-1: Ball 1-1: Ball 2-1: SOLO HOME RUN (Flyball, 9D), Distance : 387 ft | Saturday, December 16th, 2017 - OOTP Baseball 18.8 Build 76 |
|